 Seeded DCSS version 0.29.1-15-g9cfb28693d (webtiles) character file.

Game seed: 1901 (custom seed)

0 valliere the Caller (level 1, -1/14 HPs)
             Began as a Demigod Summoner on Mar 6, 2023.
             Slain by a kobold
             ... wielding a +0 whip
              (5 damage)
             ... on level 1 of the Dungeon.
             The game lasted 00:00:37 (65 turns).

valliere the Caller (Demigod Summoner)                Turns: 65, Time: 00:00:38

Health: -1/14      AC:  2    Str:  9    XL:     1   Next: 6%
Magic:  2/5        EV: 12    Int: 17    God:
Gold:   17         SH:  0    Dex: 14    Spells: 2/3 levels left

rFire   . . .      SeeInvis .   (no weapon)
rCold   . . .      Faith    .   (no shield)
rNeg    . . .      Spirit   .   a - +0 robe
rPois   .          Reflect  .   (no helmet)
rElec   .          Harm     .   (no cloak)
rCorr   .          Rampage  .   (no gloves)
Will    .....                   (no boots)
Stlth   ++........              (no amulet)
HPRegen 0.04/turn               (no ring)
MPRegen 0.09/turn               (no ring)

@: no status effects
A: high MP 1, forlorn, divine attributes
a: no special abilities


You were on level 1 of the Dungeon.
You visited 1 branch of the dungeon, and saw 1 of its levels.

You collected 17 gold pieces.

Inventory:

Armour
 a - a +0 robe (worn)
Scrolls
 c - a scroll of torment {unknown}
Potions
 b - a potion of magic


   Skills:
 + Level 0.0 Fighting
 + Level 0.0 Short Blades
 + Level 0.0 Long Blades
 + Level 1.7 Dodging
 + Level 1.7 Stealth
 + Level 1.7 Spellcasting
 + Level 3.6 Summonings


You had 2 spell levels left.
You knew the following spells:

 Your Spells              Type           Power      Damage    Failure   Level
a - Summon Small Mammal   Summ           52%        N/A       4%          1

Your spell library contained the following spells:

 Spells                   Type           Power      Damage    Failure   Level
 Call Imp                 Summ           13%        N/A       7%          2
 Call Canine Familiar     Summ           13%        N/A       14%         3
 Summon Guardian Golem    Hex/Summ       7%         N/A       28%         3
 Summon Lightning Spire   Summ/Air       7%         N/A       67%         4


Dungeon Overview and Level Annotations

Branches:
Dungeon (1/15)


Innate Abilities, Weirdness & Mutations

You have an increased reservoir of magic. (+10% MP)
You shall have no god before yourself.
Your divine heritage dramatically boosts your attributes as you level up.


Message History

The kobold throws a stone.
The stone misses you. The stone hits your rat.
Your rat dies!
Your rat's corpse disappears in a puff of smoke!
The bat misses you. The bat barely misses you. The bat barely misses you.
Your rat bites the bat.
The bat hits your rat but does no damage.
You miss the bat.
The bat is moderately wounded.
The bat hits you but does no damage. The kobold barely misses you.
You barely miss the kobold. The bat hits your rat.
The kobold hits you with a +0 whip.
You hit the kobold but do no damage. The bat misses you.
The kobold closely misses you.
You closely miss the kobold. The bat hits your rat.
Your rat dies!
Your rat's corpse disappears in a puff of smoke!
The kobold hits you with a +0 whip.
You are too injured to fight recklessly!
You are too injured to fight recklessly!
You are too injured to fight recklessly!
Casting: Summon Small Mammal (safe; 4% risk of failure)
Confirm with . or Enter, or press ? or * to list all spells.
The bat misses you. The kobold barely misses you.
Casting: Summon Small Mammal (safe; 4% risk of failure)
Confirm with . or Enter, or press ? or * to list all spells.
The bat barely misses you.
The bat hits your rat but does no damage.
Your rat bites the bat.
The kobold hits you with a +0 whip.
* * * LOW HITPOINT WARNING * * *
The bat hits your rat.
You hit the kobold but do no damage. The bat hits you but does no damage.
Your quokka closely misses the kobold.
The kobold misses you. The bat closely misses your rat.
Your rat bites the bat.
The bat dies!
You hit the kobold but do no damage. Your quokka misses the kobold.
The kobold closely misses you.
You barely miss the kobold. Your quokka misses the kobold.
The kobold hits you with a +0 whip.
You die...

#'# #+#
##...#..#
..+ ##.....#
<.# ##....#
..# ##...#
..# ##..#
#.# ##.# ###
### #.#
.....#####.#
....$rK@r†.#
.###)###.###
#.# #.# #.#
#.# #.# #.#


You could see a kobold (ally target), a friendly quokka (summoned) and a
friendly rat (summoned).

Vanquished Creatures (collateral kills)
  A bat (D:1)
1 creature vanquished.

Notes
Turn   | Place    | Note
-------+----------+-------------------------------------------
     0 | D:1      | valliere the Demigod Summoner began the quest for the Orb.
     0 | D:1      | Reached XP level 1. HP: 14/14 MP: 5/5
    65 | D:1      | Slain by a kobold

Illustrated notes

Levels and vault maps discovered:
D:1:      dpeg_arrival_triangle_fractal, layout_basic

Action                   || total
-------------------------++-------
Melee: Unarmed           ||     7
 Cast: Summon Small Mamm ||     4
Armor: Robe              ||     2
Dodge: Dodged            ||    12
